Map: Abiogenesis LE

Players

Infamous

  • Race: Protoss Protoss
  • League: Gold
  • Spawn Location: 5:00

darthbagel - Winner!

  • Race: Protoss Protoss
  • League: Gold
  • Spawn Location: 11:00

VOD

Have the link to the VOD?

Description

Time

  • Played on: April 18, 2018, 11:26 a.m.
  • Length: 17:05
Show
View Real Time Build Order
Export as new Build Order

Infamous Protoss 

Build Orders: Colossus Rush 

Get SALT Encoding   

  12  0:01  Probe  
  13  0:16  Pylon  
  13  0:18  Probe  
  14  0:31  Probe  
  15  0:37  Gateway  
  15  0:39  Probe  
  16  0:52  Probe, Assimilator  
  17  1:05  Probe  
  18  1:24  Cybernetics Core  
  18  1:27  Gateway  
  18  1:30  Probe  
  19  1:32  Zealot  
  19  1:42  Probe  
  22  1:57  Probe  
  22  2:00  Warp Gate  
  23  2:08  Assimilator  
  23  2:10  Pylon  
  23  2:28  Probe, Stalker  
  26  2:36  Stalker  
  28  2:54  Probe  
  29  3:05  Robotics Facility  
  29  3:06  Probe  
  30  3:24  Nexus  
  30  3:27  Pylon  
  30  3:29  Probe  
  31  3:51  Pylon  
  31  3:52  Observer  
  32  4:01  Pylon  
  32  4:10  Immortal  
  32  4:11  Shield Battery  
  32  4:12  Shield Battery  
  36  4:32  Robotics Bay  
  36  4:34  Probe  
  36  4:37  Probe  
  38  4:41  Gateway  
  38  4:51  Stalker x2  
  38  4:52  Probe  
  42  4:54  Probe  
  44  5:04  Probe  
  44  5:06  Probe, Shield Battery  
  46  5:23  Stalker  
  46  5:25  Colossus  
  46  5:26  Probe, Pylon  
  49  5:29  Pylon  
  55  5:41  Sentry  
  56  6:01  Probe x2  
  58  6:24  Assimilator  
  58  6:28  Assimilator  
  58  6:29  Stalker x2  
  58  6:32  Pylon  
  62  6:40  Gateway  
  62  6:42  Gateway  
  62  6:54  Twilight Council  
  62  6:58  Forge  
  62  7:04  Pylon  
  62  7:08  Stalker x3  
  64  7:11  Probe  
  69  7:16  Probe  
  70  7:23  Probe  
  71  7:32  Stalker  
  71  7:33  Stalker  
  75  7:46  Stalker  
  75  7:47  Stalker x2  
  75  7:48  Blink  
  75  7:49  Probe  
  82  7:55  Probe  
  83  8:01  Observer  
  84  8:16  Stalker  
  84  8:17  Stalker x2  
  90  8:22  Protoss Shields Level 1  
  90  8:45  Forge  
  90  8:47  Forge  
  90  9:02  Stalker x2  
  94  9:04  Twilight Council  
  94  9:18  Pylon  
  94  9:23  Pylon  
  94  9:26  Protoss Ground Weapons Level 1  
  94  9:37  Protoss Ground Armor Level 1  
  54  10:08  Stalker x4  
  54  10:09  Stalker  
  58  10:16  Warp Prism  
  60  10:23  Templar Archives  
  60  10:26  Probe x2  
  62  10:45  Nexus  
  62  10:48  Pylon  
  62  10:56  Stalker x2  
  66  11:00  Probe x2  
  68  11:25  Zealot x3  
  72  11:26  Zealot  
  76  11:35  Psionic Storm  
  74  11:41  High Templar  
  72  11:49  Probe x2  
  72  11:53  Stalker  
  74  11:59  High Templar x2  
  78  12:07  Archon  
  78  12:13  Probe x3  
  81  12:21  High Templar x2  
  85  12:25  Probe x2  
  87  12:33  Stalker  
  89  12:45  Probe x2  
  89  12:46  Probe  
  89  12:49  High Templar  
  89  12:50  High Templar  
  96  12:57  Probe x2, Protoss Ground Weapons Level 2  
  98  13:00  High Templar x3  
  104  13:17  Gateway  
  104  13:20  Gateway  
  104  13:22  Gateway  
  104  13:23  Assimilator  
  104  13:29  Assimilator  
  104  13:31  Pylon, High Templar  
  104  13:33  Pylon  
  106  13:39  Archon x2  
  106  13:43  Probe x3  
  106  13:47  Protoss Shields Level 2  
  109  13:54  Probe x2  
  109  13:55  Probe  
  112  14:02  Probe x2  
  112  14:07  Probe, High Templar  
  117  14:24  High Templar x2  
  119  14:31  Probe x3  
  124  14:47  Stalker  
  124  14:48  Stalker  
  124  14:49  High Templar  
  124  14:50  High Templar  
  132  14:58  Nexus  
  132  15:01  Pylon  
  132  15:02  Pylon  
  132  15:05  Pylon  
  132  15:06  Pylon  
  70  15:44  Stalker x4  
  70  15:45  Stalker x3  
  70  15:47  High Templar  
  86  15:50  Probe x3  
  89  15:57  Photon Cannon  
  89  15:59  Photon Cannon  
  89  16:00  Photon Cannon  
  89  16:02  Probe x3  
  91  16:12  High Templar x4  
  91  16:13  High Templar  
  91  16:14  Probe  
  67  16:27  Pylon  
  67  16:28  Nexus  
  67  16:32  Pylon  
  55  16:33  Pylon  
  55  16:36  High Templar x2  
  50  16:56  Stalker x3  
  50  16:57  Stalker x2  
Show
View Real Time Build Order
Export as new Build Order

darthbagel Protoss - Winner!

Build Orders:  

Get SALT Encoding   

  12  0:02  Probe  
  13  0:14  Probe  
  14  0:18  Pylon  
  14  0:26  Assimilator  
  14  0:33  Assimilator  
  14  0:35  Probe  
  15  0:48  Probe  
  16  0:57  Probe  
  17  1:05  Probe  
  18  1:14  Probe  
  19  1:24  Gateway  
  19  1:26  Probe  
  20  1:38  Probe  
  21  1:50  Probe  
  22  2:02  Probe  
  23  2:18  Cybernetics Core  
  23  2:21  Pylon  
  23  2:30  Pylon  
  23  2:33  Protoss Air Weapons Level 1  
  23  2:38  Pylon  
  23  2:59  Stargate  
  23  3:00  Stargate  
  23  3:20  Nexus  
  23  3:43  Void Ray  
  23  3:44  Void Ray  
  31  4:26  Void Ray  
  31  4:27  Void Ray  
  31  4:29  Protoss Air Armor Level 1  
  40  4:52  Probe  
  40  5:05  Probe  
  41  5:09  Void Ray  
  45  5:16  Probe  
  46  5:24  Probe  
  46  5:31  Void Ray  
  46  5:32  Probe  
  51  5:40  Probe  
  52  5:43  Probe  
  52  5:48  Probe  
  54  5:53  Probe  
  54  5:54  Assimilator  
  54  5:55  Assimilator  
  56  5:58  Probe  
  56  6:01  Probe  
  56  6:03  Void Ray  
  62  6:19  Nexus  
  62  6:22  Pylon  
  62  6:25  Pylon  
  62  6:39  Probe  
  62  6:40  Probe  
  62  6:42  Forge  
  62  6:46  Void Ray  
  68  6:47  Probe  
  68  6:51  Probe  
  70  6:55  Probe  
  70  6:59  Probe  
  71  7:06  Probe, Cybernetics Core  
  71  7:07  Probe  
  73  7:09  Stargate  
  74  7:18  Probe x2  
  76  7:30  Probe x2  
  76  7:31  Probe  
  76  7:34  Protoss Shields Level 1  
  79  7:41  Fleet Beacon  
  79  7:42  Probe  
  79  7:43  Probe, Twilight Council  
  81  7:54  Probe  
  81  7:55  Probe, Void Ray  
  87  8:01  Assimilator  
  87  8:02  Probe, Assimilator  
  87  8:04  Probe  
  87  8:10  Probe  
  87  8:12  Probe  
  91  8:21  Probe  
  91  8:22  Probe  
  93  8:34  Nexus  
  93  8:37  Pylon  
  93  8:39  Pylon  
  93  8:42  Pylon  
  93  8:46  Pylon  
  93  8:49  Pylon  
  93  8:53  Pylon  
  93  8:54  Assimilator  
  93  8:55  Probe x2, Void Ray  
  99  8:57  Void Ray  
  99  8:59  Assimilator  
  103  9:05  Photon Cannon  
  103  9:07  Probe  
  103  9:09  Pylon  
  104  9:10  Pylon  
  104  9:13  Pylon  
  104  9:14  Pylon  
  104  9:18  Pylon  
  104  9:21  Pylon  
  104  9:44  Void Ray  
  104  9:45  Void Ray x2  
  112  9:48  Protoss Air Weapons Level 2  
  112  9:49  Protoss Air Armor Level 2  
  96  10:20  Probe  
  96  10:27  Void Ray x2  
  96  10:28  Probe, Void Ray  
  105  10:33  Photon Cannon  
  110  10:36  Photon Cannon  
  110  10:38  Probe  
  111  10:50  Probe  
  112  11:02  Probe  
  112  11:03  Pylon  
  113  11:06  Pylon  
  113  11:09  Pylon  
  113  11:10  Void Ray x2  
  113  11:11  Void Ray  
  125  11:22  Stargate  
  125  11:29  Stargate  
  122  11:50  Photon Cannon  
  122  11:52  Photon Cannon  
  122  11:54  Photon Cannon  
  122  11:57  Photon Cannon  
  122  11:58  Photon Cannon  
  122  11:59  Protoss Air Armor Level 3, Protoss Air Weapons Level 3  
  122  12:04  Photon Cannon  
  122  12:05  Protoss Shields Level 2, Photon Cannon  
  122  12:08  Photon Cannon x2  
  122  12:10  Photon Cannon  
  122  12:14  Photon Cannon  
  122  12:30  Void Ray  
  122  12:31  Void Ray  
  122  12:32  Void Ray  
  122  12:34  Void Ray  
  138  12:43  Probe  
  138  12:51  Probe  
  139  12:55  Void Ray  
  144  13:00  Probe  
  145  13:12  Probe  
  146  13:13  Void Ray  
  146  13:14  Void Ray  
  146  13:18  Void Ray x2  
  162  13:24  Probe  
  163  13:38  Void Ray  
  167  13:54  Void Ray x2  
  167  13:57  Void Ray  
  167  13:59  Void Ray  
  183  14:12  Void Ray  
  187  14:29  Void Ray x2  
  187  14:33  Void Ray  
  120  15:47  Void Ray x2  
  120  15:48  Void Ray x3  
Tags
 
League
GoldGold
Matchup
PvP
Replay Pack
Last Remnant (2)
Spawn Locations
Cross Positions
Add a new tag
Caveats
  • Supply blocks, unpowered buildings, or Contaminate may cause inaccurate times.
  • Supply counts are checked every 10 seconds.